 Dungeon Crawl Stone Soup version 0.13.1-22-g086cdba (webtiles) character file.

8976 Nicoed the Fighter (level 11, 0/84 HPs)
             Began as a Demonspawn Fighter on Jan 2, 2014.
             Was an Elder of Yredelemnul.
             Killed from afar by Nergalle (10 damage)
             ... with a bolt of negative energy
             ... on Level 2 of the Orcish Mines on Jan 3, 2014.
             The game lasted 00:58:49 (11370 turns).

Nicoed the Fighter (Demonspawn Fighter)            Turns: 11370, Time: 00:58:51

HP   0/84        AC 24     Str 19      XL: 11   Next:  7%
MP   0/10        EV  4     Int 10      God: Yredelemnul [****..]
Gold 707         SH 18     Dex 12      Spells:  0 memorised, 10 levels left

Res.Fire  : . . .   See Invis. : +   Q - +2 dwarf war axe
Res.Cold  : . . .   Warding    : .   d - +7 chain mail "Stykh" {rPois MR++ Stlth++}
Life Prot.: . . .   Conserve   : .   c - +0 shield (curse)
Res.Poison: +       Res.Corr.  : .   K - +0 helmet
Res.Elec. : .       Clarity    : +   H - +1 cloak
Sust.Abil.: . .     Spirit.Shd : +   o - +0 pair of dwarf gauntlets
Res.Mut.  : .       Stasis     : .   (boots unavailable)
Res.Rott. : .       Flight     : .   v - amulet of faith
Saprovore : . . .                    B - ring of sustenance
                                     a - ring of see invisible

@: very heavily drained, slow, quite resistant to hostile enchantments,
extremely unstealthy
A: hooves 3, berserk 1, clarity, slowness 1, slow healing 1, spiny 1, wild magic
1, magic shield, AC +4, Dex -1
a: Animate Dead, Recall Undead Slaves, Injury Mirror, Drain Life, Renounce
Religion


You were on level 2 of the Orcish Mines.
You worshipped Yredelemnul.
Yredelemnul was greatly pleased with you.
You were hungry.

You visited 3 branches of the dungeon, and saw 13 of its levels.
You also visited: Ossuary.

You collected 687 gold pieces.

Inventory:

Hand weapons
 Q - a +2,+2 dwarven war axe (weapon)
 U - a +2,+2 elven vampiric sabre
Armour
 c - a cursed +0 shield (worn)
 d - the cursed +7 chain mail "Stykh" (worn) {rPois MR++ Stlth++}
   (You found it on level 4 of the Dungeon)

   It protects you from poison.
   It affects your resistance to hostile enchantments.
   It makes you much more stealthy.
   It has a curse placed upon it.
 o - a +0 pair of dwarven gauntlets (worn)
 H - a +1 cloak (worn)
 K - a +0 helmet (worn)
Magical devices
 b - a wand of frost (5)
 h - a wand of invisibility (4) {unknown}
 w - a wand of enslavement (14) {unknown}
 A - a wand of disintegration (12)
 J - a wand of confusion (9) {unknown}
 L - a wand of draining (2)
 M - a wand of disintegration (9)
 N - a wand of fire (7)
 O - a wand of flame (11)
 V - a wand of magic darts (7)
Comestibles
 t - a beef jerky
Scrolls
 g - 3 scrolls of amnesia
 i - 3 scrolls of teleportation
 j - 2 scrolls of magic mapping
 k - 4 scrolls of remove curse
 n - 2 scrolls of recharging {unknown}
 q - 2 scrolls of noise
 y - 2 scrolls of curse jewellery {unknown}
 P - a scroll of enchant weapon II
 T - a scroll of identify
Jewellery
 a - a ring of see invisible (left hand)
 v - an amulet of faith (around neck)
 x - an uncursed amulet of resist mutation
 B - a ring of sustenance (right hand)
 E - an uncursed amulet of warding {unknown}
 S - a +3 ring of protection {unknown}
Potions
 e - 3 potions of restore abilities
 f - a potion of resistance
 l - 2 potions of magic
 m - 2 potions of invisibility
 r - a potion of degeneration {unknown}
 s - 6 potions of curing
 u - 4 potions of speed {unknown}
 z - a potion of flight {unknown}
 C - 2 potions of agility
 D - 2 potions of slowing {unknown}
 G - a potion of brilliance {unknown}
 I - 2 potions of might {unknown}
Books
 F - a book of Geomancy

   Spells                             Type                      Level
   Sandblast                          Earth                        1
   Stoneskin                          Transmutation/Earth          2
   Passwall                           Transmutation/Earth          3
   Stone Arrow                        Conjuration/Earth            3
   Petrify                            Transmutation/Earth          4
   Lee's Rapid Deconstruction         Earth                        5


   Skills:
 + Level 8.0(3.7) Fighting
 + Level 7.5(3.3) Axes
 + Level 7.3(3.1) Armour
 + Level 7.4(3.2) Dodging
 + Level 7.6(3.4) Shields


You had 10 spell levels left.
You didn't know any spells.

Dungeon Overview and Level Annotations

Branches:
Dungeon (10/27)            Temple (1/1) D:7             Orc (2/4) D:10
   Lair: D:8-13

Altars:
Ashenzari
Cheibriados
Elyvilon
Fedhas
Kikubaaqudgha
Makhleb
Nemelex Xobeh
Okawaru
Sif Muna
Trog
Vehumet
Xom
Yredelemnul
Zin
the Shining One

Shops:
D:7 =   Orc:1 (

Annotations:
Orc:2 Nergalle


Innate Abilities, Weirdness & Mutations

You have hooves in place of feet.
You are partially covered in rough black scales (AC +4, Dex -1).
You are partially covered in sharp spines.
When hurt, damage is shared between your health and your magic reserves.
You tend to lose your temper in combat.
You possess an exceptional clarity of mind.
You cover ground slowly.
You heal slowly.
Your spells are a little harder to cast, but a little more powerful.


Message History

You completely miss Nergalle. Your kick misses Nergalle.
Nergalle is almost dead.
Your chain mail prevents you from hitting the spectral orc warrior.
The spectral orc warrior is almost destroyed.
You hit the spectral orc knight but do no damage.
The spectral orc knight is almost destroyed.
You hit the spectral orc warrior but do no damage.
The spectral orc warrior is severely damaged.
You block the spectral orc warrior's attack.
You block the spectral orc knight's attack.
The spectral orc warrior hits you but does no damage.
The spectral orc knight barely misses you.
Nergalle hits you but does no damage.
You feel better.
The spectral orc knight hits you but does no damage.
The spectral orc warrior barely misses you.
Nergalle gestures at you while chanting.
The bolt of negative energy hits you!
You feel drained.
You die...
Your body rises from the dead as a mindless zombie.

### #. ###.##
#...#.W@o##
#..WWW.###
##.#W..#.##
#.........###
.........#..#.##
#.......##.....#
#........##...##
#......#.#...## ###
##.........#.####.##


You could see Nergalle, 2 spectral orc knights and 3 spectral orc warriors.

Vanquished Creatures
  A centaur warrior (D:8)
  Joseph (D:7)
  Prince Ribbit (D:7)
  2 ravens (D:8)
  A shark (D:10)
  3 hippogriffs
  2 manticores
  A necrophage (D:9)
  An ice beast (D:4)
  5 orc warriors
  2 sky beasts
  7 ogres
  A centaur (D:8)
  A giant goldfish (D:10)
  A phantom (D:8)
  A warg (Orc:1)
  13 big kobolds (D:8)
  An eye of draining (D:8)
  2 giant frogs (D:8)
  A jelly (D:7)
  10 killer bees
  4 wights (D:6)
  A hippogriff skeleton (D:6)
  4 centaur zombies (Ossuary)
  A giant frog zombie (D:6)
  3 electric eels (D:10)
  2 crimson imps
  A goliath beetle (D:8)
  A hound (D:10)
  5 orc priests
  12 scorpions
  9 orc wizards
  A giant frog skeleton (D:6)
  10 worker ants
  2 centaur skeletons
  5 spectral orcs (Orc:2)
  3 iguanas
  A sky beast zombie (D:6)
  2 big kobold zombies (Ossuary)
  2 hound skeletons (D:6)
  5 mummies
  3 gnolls (D:8)
  10 adders
  4 worms
  A giant mite (D:3)
  6 scorpion zombies (Ossuary)
  An adder zombie (D:6)
  An iguana skeleton (D:4)
  A giant eyeball (D:4)
  4 giant geckos
  2 oozes
  62 orcs
  16 bats
  A bat skeleton (D:4)
  A bat zombie (D:6)
  3 giant cockroaches
  2 gnoll zombies (Ossuary)
  19 goblins
  11 hobgoblins
  20 kobolds
  4 quokkas
  A ball python (D:3)
  6 giant newts
  4 goblin zombies (Ossuary)
  4 kobold zombies (Ossuary)
  2 orc zombies (Ossuary)
  12 rats
  3 ballistomycetes
336 creatures vanquished.

Vanquished Creatures (collateral kills)
  2 jellyfish (D:10)
  A big fish (D:10)
  An orc wizard (Orc:1)
  2 orcs (Orc:1)
6 creatures vanquished.

Vanquished Creatures (others)
  2 wights
  3 orcs (D:8)
  2 giant spores
7 creatures vanquished.

Grand Total: 349 creatures vanquished

Notes
Turn   | Place    | Note
--------------------------------------------------------------
     0 | D:1      | Nicoed, the Demonspawn Fighter, began the quest for the Orb.
     0 | D:1      | Reached XP level 1. HP: 18/18 MP: 0/0
   202 | D:1      | Reached skill level 1 in Dodging
   348 | D:1      | Gained mutation: You have large cloven feet. [demonic ancestry]
   348 | D:1      | Reached XP level 2. HP: 21/24 MP: 1/1
   927 | D:2      | Reached XP level 3. HP: 26/30 MP: 2/2
  1422 | D:3      | Gained mutation: You have hoof-like feet. [demonic ancestry]
  1422 | D:3      | Reached XP level 4. HP: 33/36 MP: 3/3
  1445 | D:3      | Found a white marble altar of Elyvilon.
  1716 | D:3      | Gained mutation: You are partially covered in sharp spines. [demonic ancestry]
  1716 | D:3      | Reached XP level 5. HP: 23/42 MP: 4/4
  2323 | D:4      | HP: 2/42 [poisoned by a scorpion]
  2605 | D:4      | Noticed an ogre
  2607 | D:4      | Gained mutation: You tend to lose your temper in combat. [potion of mutation]
  2607 | D:4      | Gained mutation: Your spells are a little harder to cast, but a little more powerful. [potion of mutation]
  2607 | D:4      | Gained mutation: You possess an exceptional clarity of mind. [potion of mutation]
  2609 | D:4      | Paralysed by a potion of paralysis for 6 turns
  2621 | D:4      | Killed an ogre
  2621 | D:4      | Gained mutation: When hurt, damage is shared between your health and your magic reserves. [demonic ancestry]
  2621 | D:4      | Reached XP level 6. HP: 19/48 MP: 5/5
  2996 | D:4      | Paralysed by a giant eyeball for 3 turns
  3097 | D:4      | Got a smoking chain mail
  3110 | D:4      | Identified the cursed +7 chain mail "Stykh" {rPois MR++ Stlth++} (You found it on level 4 of the Dungeon)
  3245 | D:4      | Reached skill level 4 in Fighting
  3269 | D:4      | Reached XP level 7. HP: 54/54 MP: 6/6
  3365 | D:4      | Found a deep blue altar of Sif Muna.
  3367 | D:4      | Found an ancient bone altar of Kikubaaqudgha.
  3506 | D:5      | Entered Level 5 of the Dungeon
  3568 | D:5      | Found a sand-covered staircase.
  3579 | Ossuary  | Entered an ossuary
  3745 | Ossuary  | Gained mutation: You are partially covered in rough black scales (AC +4, Dex -1). [demonic ancestry]
  3745 | Ossuary  | Reached XP level 8. HP: 38/61 MP: 5/7
  3877 | Ossuary  | Gained mutation: You heal slowly. [potion of mutation]
  3877 | Ossuary  | Gained mutation: You cover ground slowly. [potion of mutation]
  3903 | Ossuary  | Reached skill level 5 in Fighting
  5329 | D:6      | Reached skill level 5 in Shields
  5358 | D:6      | Reached skill level 5 in Axes
  5358 | D:6      | Reached skill level 5 in Armour
  5358 | D:6      | Reached skill level 5 in Dodging
  5653 | D:6      | Gained mutation: You have hooves in place of feet. [demonic ancestry]
  5653 | D:6      | Reached XP level 9. HP: 58/68 MP: 8/8
  5855 | D:7      | Found Chaguag's Jewellery Shop.
  5901 | D:7      | Noticed Prince Ribbit
  5916 | D:7      | Killed Prince Ribbit
  5962 | D:7      | Reached skill level 6 in Fighting
  6135 | D:7      | Noticed Joseph
  6152 | D:7      | Killed Joseph
  6434 | D:7      | Found a staircase to the Ecumenical Temple.
  6794 | Temple   | Entered the Ecumenical Temple
  6858 | Temple   | Became a worshipper of Yredelemnul the Dark
  7394 | D:8      | Acquired Yredelemnul's first power
  7434 | D:8      | Noticed a centaur warrior
  7449 | D:8      | Killed a centaur warrior
  7449 | D:8      | Reached skill level 7 in Fighting
  7449 | D:8      | Reached XP level 10. HP: 52/76 MP: 7/9
  7908 | D:8      | Acquired Yredelemnul's second power
  8408 | D:9      | Acquired Yredelemnul's third power
  8871 | D:10     | Entered Level 10 of the Dungeon
  9049 | D:10     | Received a gift from Yredelemnul
  9081 | D:10     | Found a staircase to the Orcish Mines.
 10500 | Orc:1    | Entered Level 1 of the Orcish Mines
 10535 | Orc:1    | Found Nuehaf's Antique Weapon Shoppe.
 10566 | Orc:1    | Reached XP level 11. HP: 81/83 MP: 8/10
 10590 | Orc:1    | Received a gift from Yredelemnul
 10711 | Orc:1    | Reached skill level 8 in Fighting
 11046 | Orc:1    | Acquired Yredelemnul's fourth power
 11311 | Orc:2    | Noticed Nergalle
 11368 | Orc:2    | HP: 2/84 [Nergalle/bolt of negative energy (8)]
 11370 | Orc:2    | Killed from afar by Nergalle

Action                   |  1- 3 |  4- 6 |  7- 9 | 10-12 || total
-------------------------+-------+-------+-------+-------++-------
Melee: Hand axe          |   107 |   156 |   631 |   195 ||  1089
       War axe           |       |       |       |   223 ||   223
Evoke: Wand              |       |     1 |     3 |     5 ||     9
  Use: Scroll            |     3 |     7 |    13 |     2 ||    25
       Potion            |       |     6 |     4 |     3 ||    13
 Stab: Distracted        |       |       |       |     1 ||     1
